 Dungeon Crawl Stone Soup version 0.18.1-50-g88ac8fd (webtiles) character file.

315 varam the Ruffian (level 6, 59/59 HPs)
             Began as a Troll Monk on Oct 22, 2016.
             Quit the game on level 4 of the Dungeon.
             The game lasted 00:03:15 (2514 turns).

varam the Ruffian (Troll Monk)                      Turns: 2514, Time: 00:03:16

Health: 59/59      AC:  5    Str: 20    XL:     6   Next: 19%
Magic:  5/5        EV: 11    Int:  6    God:
Gold:   160        SH:  0    Dex: 14    Spells: 0 memorised, 5 levels left

rFire  . . .     SeeInvis .       - Unarmed
rCold  . . .     Gourm    +     a - +0 robe
rNeg   . . .     Faith    .     (no shield)
rPois  .         Spirit   .     (helmet restricted)
rElec  .         Dismiss  .     (no cloak)
rCorr  .         Reflect  .     (gloves unavailable)
SustAt .         Harm     .     (boots unavailable)
MR     .....                    (no amulet)
Stlth  ++........               (no ring)
                                (no ring)

@: not resistant to hostile enchantments, unstealthy
A: unfitting armour, claws 3, fast metabolism 3, gourmand, regeneration 2,
shaggy fur 1, tough skin 2
a: no special abilities


You were on level 4 of the Dungeon.
You were full.

You visited 1 branch of the dungeon, and saw 5 of its levels.

You collected 160 gold pieces.

Inventory:

Missiles
 p - 65 stones (quivered)
Armour
 a - a +0 robe (worn)
Jewellery
 q - a +4 ring of intelligence {unknown}
 u - an uncursed ring of see invisible {unknown}
 v - an uncursed amulet of regeneration {unknown}
Wands
 w - a wand of polymorph (11/24)
Scrolls
 d - 2 scrolls of enchant weapon {unknown}
 f - 4 scrolls of identify {unknown}
 h - a scroll of noise {unknown}
 o - a scroll of teleportation {unknown}
 t - a scroll of recharging {unknown}
Potions
 c - 5 potions of curing {unknown}
 e - a potion of resistance {unknown}
 g - 3 potions of heal wounds {unknown}
 i - a potion of haste {unknown}
 j - 2 potions of degeneration {unknown}
 m - 2 potions of lignification {unknown}
 n - a potion of magic {unknown}
 r - 3 potions of mutation {unknown}
 s - a potion of ambrosia {unknown}
Comestibles
 b - 4 bread rations
 k - a meat ration
 l - a slice of pizza


   Skills:
 + Level 2.5 Fighting
 * Level 2.7 Dodging
 + Level 1.2 Stealth
 - Level 7.2 Unarmed Combat


You had 5 spell levels left.
You didn't know any spells.

Dungeon Overview and Level Annotations

Branches:
Dungeon (5/15)
 Temple: D:4-7

Altars:
Cheibriados
Xom

Annotations:
D:4 Edmund


Innate Abilities, Weirdness & Mutations

You are too large for most types of armour.
You have claws for hands.
Your metabolism is lightning-fast.
You like to eat raw meat.
You heal very quickly.
You are covered in fur (AC +1).
You have very tough skin (AC +2).


Message History

No target in view!
No target in view!
p - 65 stones (gained 13)
A worker ant comes into view.
The worker ant twitches its antennae in your direction.
A worker ant is nearby!
A worker ant is nearby!
The worker ant closely misses you.
You mangle the worker ant!!
You kill the worker ant!
No target in view!
There is a stone staircase leading down here.
m - 2 black potions (gained 1)
Found a shiny ring mail and a whip.
You see here a whip.
Done exploring.
Done exploring.
Evoke which item? (* to show all) (? for menu, Esc to quit)
Okay, then.
Are you sure you want to abandon this character and quit the game? (Confirm with "yes".)

############.##############.#
............>............##.#
##########.#############.##.#
............................#
#.[...####.#########.#.#.####
.................# #.#.#.#
#......###.#####.# #.#.#.#
#......# #.# #.# #.#.#.#
#......# #.# #@###.#.#.##
####...# #.# #...)[#....# #
##..###'#############..#
#####..#..................#
.......#.......##########.#
#...##.........# #.#
#...###.##.###.# #.#
'...'.#..#.# #.# #.#
#...#.##.#.# #.# #.#


There were no monsters in sight!

Vanquished Creatures
  Sigmund (D:3)
  An orc wizard (D:3)
  2 worker ants (D:4)
  An adder (D:2)
  2 oozes
  A worm (D:2)
  3 dart slugs
  2 giant geckos
  3 orcs (D:3)
  A ball python (D:1)
  2 bats (D:2)
  3 giant cockroaches
  6 hobgoblins
  7 jackals
  5 kobolds
  2 quokkas (D:4)
  5 giant newts
  7 goblins
  5 rats
59 creatures vanquished.

Notes
Turn   | Place    | Note
--------------------------------------------------------------
     0 | D:1      | varam the Troll Monk began the quest for the Orb.
     0 | D:1      | Reached XP level 1. HP: 22/22 MP: 0/0
    72 | D:1      | Reached XP level 2. HP: 25/29 MP: 1/1
   642 | D:2      | Reached skill level 5 in Unarmed Combat
   642 | D:2      | Reached XP level 3. HP: 35/36 MP: 2/2
   924 | D:2      | Found a snail-covered altar of Cheibriados.
   924 | D:2      | Found a shimmering altar of Xom.
  1376 | D:3      | Reached XP level 4. HP: 44/44 MP: 3/3
  1506 | D:3      | Noticed Sigmund
  1516 | D:3      | Killed Sigmund
  1516 | D:3      | Reached skill level 7 in Unarmed Combat
  1516 | D:3      | Reached XP level 5. HP: 34/50 MP: 4/4
  1926 | D:4      | Reached XP level 6. HP: 54/59 MP: 5/5
  2073 | D:4      | Noticed Edmund
  2080 | D:5      | Entered Level 5 of the Dungeon
  2514 | D:4      | Quit the game

Skill      XL: |  1  2  3  4 |
---------------+-------------+-----
Unarmed Combat | 5 7 |  7.2
Fighting       | |  2.5
Dodging        | |  2.7
Stealth        | |  1.2

Action                   |  1- 3 |  4- 6 || total
-------------------------+-------+-------++-------
Melee: Unarmed           |    70 |    52 ||   122
       Punch             |     3 |       ||     3
 Stab: Sleeping          |     2 |     2 ||     4
  Eat: Chunk             |    11 |    13 ||    24
Armor: Robe              |    19 |    13 ||    32
Dodge: Dodged            |    35 |    20 ||    55
